 Dungeon Crawl Stone Soup version 0.18.1-50-g88ac8fd (webtiles) character file.

3812 magog001 the Whirler (level 10, -1/90 HPs)
             Began as a Halfling Assassin on Mar 12, 2018.
             Was a Follower of Nemelex Xobeh.
             Killed from afar by an orc wizard (13 damage)
             ... with a puff of flame
             ... on level 8 of the Dungeon on Mar 24, 2018.
             The game lasted 01:01:37 (9638 turns).

magog001 the Whirler (Halfling Assassin)            Turns: 9638, Time: 01:01:40

Health: -1/90      AC: 15    Str: 18    XL:     10   Next: 39%
Magic:  10/10      EV: 11    Int: 10    God:    Nemelex Xobeh [*.....]
Gold:   391        SH:  0    Dex: 23    Spells: 0 memorised, 9 levels left

rFire  . . .     SeeInvis .     a - +2 dagger
rCold  + . .     Gourm    +     c - +1 plate armour {rC+}
rNeg   . . .     Faith    .     (shield restricted)
rPois  .         Spirit   .     (no helmet)
rElec  .         Dismiss  .     d - +0 cloak
rCorr  .         Reflect  .     I - +0 pair of gloves
SustAt .         Harm     .     t - +1 pair of boots
MR     .....                    j - amulet of the gourmand
Stlth  ..........               (no ring)
                                r - +5 ring of dexterity

@: berserking, very quick, not resistant to hostile enchantments, extremely
unstealthy
A: mutation resistance 1
a: Renounce Religion


You were on level 8 of the Dungeon.
You worshipped Nemelex Xobeh.
Nemelex Xobeh was aware of your devotion.
You were very full.

You visited 2 branches of the dungeon, and saw 9 of its levels.

You collected 391 gold pieces.

Inventory:

Hand Weapons
 a - a +2 dagger (weapon)
 b - a +0 blowgun
 u - a +2 hunting sling of evasion
Missiles
 e - 22 poisoned needles
 f - 2 curare-tipped needles
 k - 12 tomahawks (quivered)
 v - 160 stones
 y - 8 javelins
Armour
 c - a +1 plate armour of cold resistance (worn)
 d - a +0 cloak (worn)
 t - a +1 pair of boots (worn)
 I - a +0 pair of gloves (worn)
Jewellery
 j - an amulet of the gourmand (around neck)
 r - a +5 ring of dexterity (left hand)
Scrolls
 h - a scroll of remove curse
 l - 2 scrolls of identify
 m - a scroll of recharging
 n - a scroll of fog {unknown}
 q - 6 scrolls of amnesia
 w - a scroll of enchant armour
 z - 5 scrolls of teleportation
Potions
 s - a potion of agility {unknown}
 x - 3 potions of curing {unknown}
 B - 2 potions of cure mutation {unknown}
 E - a potion of mutation {unknown}
 F - a potion of berserk rage
 G - 2 potions of brilliance
Miscellaneous
 o - a plain deck of war {drawn: 3}
Comestibles
 g - 4 bread rations
 p - 3 slices of pizza
 C - 3 royal jellies
 D - 2 meat rations
 J - a beef jerky


   Skills:
 - Level 1.8 Fighting
 - Level 5.3 Short Blades
 * Level 15.7(15.8) Slings
 - Level 2.8(8.7) Throwing
 * Level 5.8 Dodging
 + Level 6.9 Stealth


You had 9 spell levels left.
You didn't know any spells.

Dungeon Overview and Level Annotations

Branches:
Dungeon (8/15)             Temple (1/1) D:6
   Lair: D:8-11

Altars:
Ashenzari
Cheibriados
Dithmenos
Elyvilon
Fedhas
Gozag
Kikubaaqudgha
Makhleb
Nemelex Xobeh
Okawaru
Pakellas
Qazlal
Ru
Sif Muna
Trog
Vehumet
Xom
Yredelemnul
Zin
The Shining One


Innate Abilities, Weirdness & Mutations

You are small and have problems with some larger weapons.
You are somewhat resistant to further mutation.


Message History

You closely miss the orc warrior.
The orc warrior is severely wounded.
Drink which item? (? for menu, Esc to quit)
A red film seems to cover your vision as you go berserk!
You feel yourself moving faster!
You feel mighty!
The orc warrior hits you with a scimitar.
* * * LOW HITPOINT WARNING * * *
You barely miss the orc warrior.
The orc warrior is severely wounded.
The orc warrior hits you with a scimitar!
* * * LOW HITPOINT WARNING * * *
You hit the orc warrior.
The orc warrior is severely wounded.
You puncture the orc warrior!
You kill the orc warrior!
You hear some strange, mumbled words.
A puff of flame appears from out of thin air!
The puff of flame hits you!
You die...
Your body disappears without a glow.

+............+
#............###
#..............#
#.#............#
#.#.########...#
#.#.# #....+
#.#.# #....#
#.#.# #....#
#@#.# #....# #
#)#.# #....# #
#{#.# #[...# #
#(#.# #....# #
#.#.# #....# #
#)#.# #)..)# #
#.#.# #....# #
#(#.# #....# #
...oo(((#.#
#....# #


There were no monsters in sight!

Vanquished Creatures
  Prince Ribbit (D:7)
  6 humans (D:6)
  The ghost of Amnesiac the Cutter, an amateur VSFi (D:4)
  An orc warrior (D:8)
  A black bear (D:6)
  3 phantoms
  3 ice beasts (D:5)
  2 ogres
  2 centaurs
  A water moccasin zombie (D:5)
  A wyvern skeleton (D:6)
  2 scorpions
  2 killer bees (D:7)
  A howler monkey (D:5)
  4 jellies
  A centaur skeleton (D:5)
  6 hounds
  2 giant frog skeletons
  5 orc priests
  6 orc wizards
  Jessica (D:3)
  4 iguanas
  5 worker ants
  A hound skeleton (D:5)
  A howler monkey skeleton (D:4)
  6 adders
  3 shadow imps
  An adder zombie (D:7)
  2 adder skeletons
  4 worms
  4 dart slugs
  6 giant geckos
  24 orcs
  7 bats
  8 giant cockroaches
  6 goblins
  7 hobgoblins
  15 jackals
  8 quokkas
  5 ball pythons
  2 giant gecko skeletons
  5 giant newts
  2 gnoll zombies (D:4)
  A jackal skeleton (D:7)
  3 kobolds (D:2)
  2 rats (D:1)
184 creatures vanquished.

Vanquished Creatures (collateral kills)
  An orc warrior (D:8)
  An orc priest (D:8)
2 creatures vanquished.

Grand Total: 186 creatures vanquished

Notes
Turn   | Place    | Note
--------------------------------------------------------------
     0 | D:1      | magog001 the Halfling Assassin began the quest for the Orb.
     0 | D:1      | Reached XP level 1. HP: 14/14 MP: 1/1
   136 | D:1      | Reached XP level 2. HP: 16/19 MP: 2/2
   176 | D:1      | Reached skill level 5 in Stealth
   590 | D:1      | Reached XP level 3. HP: 23/24 MP: 3/3
  1367 | D:2      | Reached XP level 4. HP: 19/29 MP: 4/4
  1896 | D:2      | Found a burning altar of Makhleb.
  2387 | D:3      | Noticed Jessica
  2391 | D:3      | Killed Jessica
  2391 | D:3      | Reached skill level 1 in Slings
  2391 | D:3      | Reached XP level 5. HP: 34/34 MP: 5/5
  2406 | D:3      | Found a deep blue altar of Sif Muna.
  2443 | D:3      | Found a shadowy altar of Dithmenos.
  2471 | D:3      | Reached skill level 2 in Slings
  2684 | D:3      | Found a radiant altar of Vehumet.
  3412 | D:3      | Reached skill level 3 in Slings
  3483 | D:4      | Noticed Amnesiac's ghost (amateur VSFi)
  3502 | D:4      | Killed Amnesiac's ghost
  3502 | D:4      | Reached skill level 4 in Slings
  3502 | D:4      | Reached XP level 6. HP: 23/39 MP: 6/6
  3647 | D:4      | Reached skill level 5 in Slings
  3817 | D:4      | Found a shimmering altar of Xom.
  3817 | D:4      | Found a shimmering altar of Xom.
  3819 | D:4      | Found a shimmering altar of Xom.
  3819 | D:4      | Found a shimmering altar of Xom.
  3884 | D:4      | Reached XP level 7. HP: 16/44 MP: 7/7
  4132 | D:4      | Found a shimmering altar of Xom.
  4137 | D:4      | Noticed an angel
  4142 | D:4      | Found a glowing silver altar of Zin.
  4184 | D:4      | Reached skill level 6 in Slings
  4238 | D:4      | Reached skill level 7 in Slings
  4369 | D:4      | Found a shimmering altar of Xom.
  4632 | D:4      | Reached skill level 8 in Slings
  4685 | D:4      | Found a basalt altar of Yredelemnul.
  4728 | D:4      | Reached XP level 8. HP: 50/50 MP: 8/8
  5169 | D:5      | Entered Level 5 of the Dungeon
  5225 | D:5      | Reached skill level 9 in Slings
  5492 | D:5      | Reached skill level 10 in Slings
  5732 | D:5      | Found an ancient bone altar of Kikubaaqudgha.
  5734 | D:5      | Found a blossoming altar of Fedhas.
  5842 | D:5      | Reached skill level 11 in Slings
  5844 | D:5      | Reached skill level 5 in Short Blades
  5879 | D:5      | Reached XP level 9. HP: 53/54 MP: 9/9
  6411 | D:6      | Found a staircase to the Ecumenical Temple.
  6443 | Temple   | Entered the Ecumenical Temple
  6480 | Temple   | Became a worshipper of Nemelex Xobeh the Trickster
  6529 | D:6      | Reached skill level 12 in Slings
  6666 | D:6      | Reached skill level 13 in Slings
  6929 | D:6      | Received a gift from Nemelex Xobeh
  7567 | D:6      | Reached skill level 14 in Slings
  7573 | D:6      | Reached skill level 5 in Dodging
  7760 | D:6      | Reached XP level 10. HP: 60/60 MP: 10/10
  7838 | D:7      | Reached * piety under Nemelex Xobeh
  8635 | D:7      | Found a shattered altar of Ashenzari.
  8703 | D:7      | Found an iron altar of Okawaru.
  8807 | D:7      | Found a sacrificial altar of Ru.
  8832 | D:7      | Reached skill level 15 in Slings
  9051 | D:7      | Noticed Prince Ribbit
  9073 | D:7      | Killed Prince Ribbit
  9638 | D:8      | Killed from afar by an orc wizard

Skill      XL: |  1  2  3  4  5  6  7  8  9 10 |
---------------+-------------------------------+-----
Short Blades   | 3 4 5 |  5.3
Stealth        | 5 6 |  6.9
Dodging        | 2 3 4 5 |  5.8
Slings         | 1 4 5 8 11 14 15 | 15.7
Fighting       | |  1.8
Throwing       | |  2.8

Action                   |  1- 3 |  4- 6 |  7- 9 | 10-12 || total
-------------------------+-------+-------+-------+-------++-------
Melee: Dagger            |   135 |    22 |       |    35 ||   192
       Hunting sling     |       |       |       |     1 ||     1
 Fire: Blowgun           |     3 |       |       |       ||     3
       Hunting sling     |       |   145 |   465 |   232 ||   842
Evoke: Deck              |       |       |       |     3 ||     3
  Use: Scroll            |       |       |    12 |     1 ||    13
       Potion            |       |       |     3 |     2 ||     5
 Stab: Sleeping          |     5 |     1 |       |       ||     6
  Eat: Chunk             |    19 |     3 |    12 |    10 ||    44
Armor: Robe              |    28 |     6 |       |       ||    34
       Ring mail         |       |    19 |    44 |     7 ||    70
       Plate armour      |       |       |       |     1 ||     1
Dodge: Dodged            |   102 |   125 |   140 |    53 ||   420
